 Dungeon Crawl Stone Soup version 0.28.0-53-g5a82cb258f (webtiles) character file.

Game seed: 13868814675747009647

11463 DildoBatman the Artisan of Death (level 12, -2/76 (87) HPs)
             Began as a Formicid Conjurer on June 30, 2022.
             Was a Priest of Kikubaaqudgha.
             Killed from afar by Josephine (23 damage)
             ... with a ghostly fireball
             ... on level 10 of the Dungeon.
             The game lasted 00:44:12 (12207 turns).

DildoBatman the Artisan of Death (FoCj)            Turns: 12207, Time: 00:44:12

HP:   -2/76 (87)    AC: 10    Str: 13    XL:     12   Next: 8%
MP:   9/22          EV: 28    Int: 22    God:    Kikubaaqudgha [***...]
Gold: 1357          SH:  5    Dex: 19    Spells: 10/25 levels left

rFire   . . .      SeeInvis +   a - +9 falchion "Xevorr" {vamp, Int+4}
rCold   . . .      Faith    .   C - +0 buckler
rNeg    . . .      Spirit   .   S - +0 steam dragon scales
rPois   .          Reflect  .   (helmet unavailable)
rElec   .          Harm     .   J - +0 cloak
rCorr   +          Rampage  .   P - +0 pair of gloves
Will    +....                   y - +0 pair of boots
Stlth   ++........              g - amulet of the acrobat
HPRegen 0.22/turn               L - ring of resist corrosion
MPRegen 0.18/turn               R - +6 ring of dexterity

@: acrobatic, heavily drained
A: permanent stasis, dig shafts and tunnels, antennae 3, four strong arms
a: Dig, Shaft Self, Renounce Religion, Receive Corpses


You were on level 10 of the Dungeon.
You worshipped Kikubaaqudgha.
Kikubaaqudgha was most pleased with you.
You visited 2 branches of the dungeon, and saw 11 of its levels.
You also visited: Bailey.

You collected 1357 gold pieces.

Inventory:

Hand Weapons
 a - the +9 falchion "Xevorr" (weapon) {vamp, Int+4}
   (You took it off a kobold in a bailey)

   It occasionally heals its wielder for a portion of the damage dealt when it
   wounds a living foe.
   Int:       It affects your intelligence (+4).
 b - a +5 spear of freezing
 c - a +0 shortbow
Missiles
 d - 29 boomerangs
 e - 275 arrows
 f - 98 bolts
 o - 31 poisoned darts
 r - 252 stones (quivered)
 v - 72 sling bullets
 D - 11 curare-tipped darts
 I - 10 atropa-tipped darts
 Q - 4 datura-tipped darts
Armour
 y - a +0 pair of boots (worn)
 A - a +1 scale mail of cold resistance
 C - a +0 buckler (worn)
 J - a +0 cloak (worn)
 P - a +0 pair of gloves (worn)
 S - +0 steam dragon scales (worn)
Jewellery
 g - an amulet of the acrobat (around neck)
 L - a ring of resist corrosion (left hand)
 R - a +6 ring of dexterity (right hand)
Wands
 p - a wand of digging (5)
 G - a wand of iceblast (20)
 K - a wand of flame (12)
 O - a wand of paralysis (5)
Scrolls
 j - a scroll of immolation {unknown}
 k - 2 scrolls of silence
 q - 4 scrolls of fog
 w - 2 scrolls of fear
 x - a scroll of amnesia
 z - 3 scrolls of identify
 E - a scroll of holy word
 F - a scroll of torment
Potions
 h - 3 potions of mutation {unknown}
 i - a potion of resistance {unknown}
 l - 4 potions of lignification {unknown}
 m - 3 potions of flight {unknown}
 n - a potion of cancellation {unknown}
 s - a potion of ambrosia {unknown}
 t - 3 potions of berserk rage {unknown}
 u - 3 potions of haste {unknown}
 B - a potion of heal wounds {unknown}
 H - a potion of magic {unknown}
 M - a potion of degeneration {unknown}
 N - 2 potions of might {unknown}


   Skills:
 * Level 5.7 Fighting
 - Level 2.0 Long Blades
 * Level 6.6 Armour
 * Level 3.0 Dodging
 - Level 2.4 Stealth
 - Level 3.0 Shields
 - Level 7.0 Spellcasting
 - Level 6.0 Conjurations
 - Level 12.0 Necromancy
 - Level 6.0 Fire Magic


You had 10 spell levels left.
You knew the following spells:

 Your Spells              Type           Power      Damage    Failure   Level
a - Searing Ray           Conj           68%        2d6       1%          2
b - Conjure Flame         Conj/Fire      34%        6-21      2%          3
c - Magic Dart            Conj           100%       1d8       1%          1
d - Vampiric Draining     Necr           57%        2d10      1%          3
h - Dispel Undead         Necr           57%        3d20      1%          4
z - Sublimation of Blood  Necr           57%        N/A       1%          2

Your spell library contained the following spells:

 Spells                   Type           Power      Damage    Failure   Level
 Animate Skeleton         Necr           100%       N/A       1%          1
 Foxfire                  Conj/Fire      100%       2x1d9     1%          1
 Pain                     Necr           100%       1d9       1%          1
 Animate Dead             Necr           28%        N/A       1%          4
 Excruciating Wounds      Necr           28%        N/A       1%          5
 Dazzling Flash           Conj/Hex       40%        N/A       9%          3
 Inner Flame              Hex/Fire       20%        N/A       9%          3
 Anguish                  Hex/Necr       17%        N/A       9%          4
 Flame Wave               Conj/Fire      34%        2d8       9%          4
 Apportation              Tloc           14%        N/A       10%         1
 Beastly Appendage        Tmut           14%        N/A       10%         1
 Summon Small Mammal      Summ           28%        N/A       10%         1
 Wereblood                Tmut           7%         N/A       16%         2
 Fulminant Prism          Conj/Hex       10%        3d9       28%         4
 Iskenderun's Mystic Bla  Conj/Tloc      20%        2d6       28%         4
 Portal Projectile        Hex/Tloc       14%        N/A       30%         3
 Spider Form              Tmut/Pois      7%         N/A       30%         3
 Tukima's Dance           Hex            7%         N/A       30%         3
 Cause Fear               Hex            3%         N/A       69%         4
 Simulacrum               Ice/Necr       17%        N/A       78%         6
 Blade Hands              Tmut           3%         N/A       95%         5
 Enfeeble                 Hex            3%         N/A       100%        7
 Discord                  Hex            3%         N/A       100%        8


Dungeon Overview and Level Annotations

Branches:
Dungeon (10/15)            Temple (1/1) D:5            Lair (0/6) D:8
 Bailey (visited)
    Orc: D:9-12

Altars:
Ashenzari
Cheibriados
Dithmenos
Elyvilon
Fedhas
Gozag
Hepliaklqana
Kikubaaqudgha
Makhleb
Nemelex Xobeh
Okawaru
Qazlal
Ru
Sif Muna
Trog
Uskayaw
Vehumet
Wu Jian
Xom
Yredelemnul
Zin
The Shining One

Shops:
D:9 (

Annotations:
D:8 1 exclusion
D:10 Josephine


Innate Abilities, Weirdness & Mutations

You cannot be hasted, slowed, berserked, paralysed or teleported.
You can dig through walls and to a lower floor.
You have a pair of large antennae on your head. (SInv)
Your four strong arms can wield two-handed weapons with a shield.


Message History

You finish channelling your searing ray.
Josephine closely misses you.
Casting: Searing Ray (safe; 1% risk of failure)
Confirm with . or Enter, or press ? or * to list all spells.
You can't see any susceptible monsters within range! (Use Z to cast anyway.)
Casting: Searing Ray (safe; 1% risk of failure)
Confirm with . or Enter, or press ? or * to list all spells.
You can't see any susceptible monsters within range! (Use Z to cast anyway.)
Aiming: Paralyse
Press: ? - help, Shift-Dir - straight line, f/p - Josephine
Aim: Josephine, wielding a +0 dagger and wearing a +0 robe (heavily wounded, chance to affect: 17%) Josephine resists with almost no effort.
You block Josephine's attack.
You barely miss Josephine.
Josephine is heavily wounded.
Josephine closely misses you.
Casting: Searing Ray (safe; 1% risk of failure)
Confirm with . or Enter, or press ? or * to list all spells.
Aiming: Searing Ray (safe; 1% risk of failure)
Press: ? - help, Shift-Dir - straight line, f/p - Josephine
Aim: Josephine, wielding a +0 dagger and wearing a +0 robe (heavily wounded, 81% to hit)
The searing ray hits Josephine.
Josephine is severely wounded. (Press . to maintain the ray.) Josephine hits you with a +0 dagger!
The searing ray hits Josephine!
Josephine is severely wounded.
Josephine screams, "Die!"
Josephine barely misses you.
The searing ray misses Josephine.
Josephine completely misses you.
The searing ray hits Josephine.
Josephine is almost dead.
You finish channelling your searing ray.
Josephine gestures at you while chanting.
The ghostly flame explodes!
The ghostly fireball engulfs you!!
You feel drained.
You die...
Kikubaaqudgha rasps: "You have failed me!
Welcome... death!"

#### ###..#
#..###
########
##.##
#......##
#..##
##.####@.##
###?..####.##
##@.#
........#..#
##..##
###.......##
##.###
##...####
##.## #..##
#..# ##.#
#.## ####..#
#{## ......#
#.{#


You could see Josephine.

Vanquished Creatures
  3 two-headed ogres
  The ghost of mkf the Grappler, a novice TrFi of Okawaru (D:5)
  2 orc knights (Bailey)
  The ghost of Ornithology the Zephyrmancer, a novice TeAE (D:5)
  A troll (D:7)
  A hornet (D:9)
  4 slime creatures
  A shadow (D:8)
  6 yaks (D:10)
  A steam dragon (D:10)
  4 wraiths
  2 wargs (D:8)
  An acid dragon (D:10)
  2 water moccasins
  A sky beast (D:6)
  7 orc warriors
  An ice beast (D:5)
  An ogre (D:7)
  A necrophage (D:4)
  7 centaurs
  7 kobold brigands (Bailey)
  2 bullfrogs (D:7)
  A gnoll sergeant (D:7)
  3 scorpions
  2 wyvern zombies (D:8)
  A water moccasin zombie (D:5)
  2 wyvern skeletons
  A water moccasin skeleton (D:4)
  8 killer bees
  A howler monkey (D:8)
  4 centaur zombies
  5 orc priests
  A bullfrog skeleton (D:7)
  5 iguanas
  7 orc wizards
  2 hound skeletons
  5 gnolls (D:8)
  9 adders
  A shadow imp (D:5)
  2 white imps (D:7)
  An adder zombie (D:5)
  An adder skeleton (D:2)
  2 worms
  2 dart slugs (D:1)
  31 orcs
  2 bats
  9 endoplasms
  7 giant cockroaches
  13 goblins
  7 hobgoblins
  19 kobolds
  3 quokkas (D:2)
  2 ball pythons (D:3)
  A ball python skeleton (D:2)
  2 frilled lizards
  2 rats
221 creatures vanquished.

Vanquished Creatures (others)
  2 plants (D:8)
2 creatures vanquished.

Grand Total: 223 creatures vanquished

Notes
Turn   | Place    | Note
-------+----------+-------------------------------------------
     0 | D:1      | DildoBatman the Formicid Conjurer began the quest for the
                  | Orb.
     0 | D:1      | Reached XP level 1. HP: 13/13 MP: 3/3
   136 | D:1      | Reached XP level 2. HP: 15/19 MP: 0/5
   170 | D:1      | Learned a level 2 spell: Searing Ray
   462 | D:1      | Reached XP level 3. HP: 23/24 MP: 1/6
   594 | D:2      | Learned a level 3 spell: Conjure Flame
   728 | D:2      | Reached XP level 4. HP: 31/31 MP: 2/7
  1286 | D:3      | Reached skill level 1 in Armour
  1287 | D:3      | Reached skill level 1 in Fighting
  1377 | D:3      | Reached skill level 1 in Fire Magic
  1377 | D:3      | Reached XP level 5. HP: 34/37 MP: 8/8
  1510 | D:3      | Found a faded altar of an unknown god.
  1667 | D:3      | Reached XP level 6. HP: 10/44 MP: 3/10
  1668 | D:3      | Reached skill level 5 in Conjurations
  2242 | D:4      | Noticed a necrophage
  2253 | D:4      | Killed a necrophage
  2254 | D:4      | Reached XP level 7. HP: 50/50 MP: 2/12
  3090 | D:5      | Entered Level 5 of the Dungeon
  3311 | D:5      | Found a staircase to the Ecumenical Temple.
  3318 | Temple   | Entered the Ecumenical Temple
  3629 | Temple   | Became a worshipper of Kikubaaqudgha
  3674 | D:5      | Found a runed translucent gate.
  3674 | D:5      | Found a runed translucent gate.
  3674 | D:5      | Found a runed translucent gate.
  3688 | D:5      | Noticed Ornithology's ghost (novice TeAE)
  3774 | D:5      | Reached XP level 8. HP: 56/56 MP: 10/14
  4625 | D:6      | Found a hide-covered altar of Uskayaw.
  4939 | D:6      | Reached skill level 5 in Spellcasting
  5287 | D:6      | Noticed a wraith
  5322 | D:6      | Killed a wraith
  5323 | D:6      | Reached skill level 1 in Shields
  5462 | D:7      | Found a large runed translucent door.
  5464 | D:7      | Found a large runed translucent door.
  5466 | D:7      | Noticed mkf's ghost (novice TrFi)
  5566 | D:7      | Noticed a troll
  5624 | D:7      | Noticed a slime creature
  5648 | D:7      | Reached skill level 5 in Fire Magic
  5653 | D:7      | Noticed a slime creature
  5653 | D:7      | Noticed a slime creature
  5656 | D:7      | Killed a slime creature
  5749 | D:7      | Killed a slime creature
  5750 | D:7      | Reached XP level 9. HP: 37/61 MP: 15/18
  5760 | D:7      | Killed a slime creature
  6269 | D:7      | Reached * piety under Kikubaaqudgha
  6269 | D:7      | Received a gift from Kikubaaqudgha
  6289 | D:7      | Learned a level 2 spell: Sublimation of Blood
  6293 | D:7      | Learned a level 3 spell: Vampiric Draining
  6439 | D:7      | Reached skill level 1 in Necromancy
  6727 | D:7      | Killed a troll
  6798 | D:7      | Reached skill level 5 in Fighting
  6798 | D:7      | Reached skill level 5 in Armour
  6798 | D:7      | Reached skill level 2 in Necromancy
  6798 | D:7      | Reached XP level 10. HP: 50/74 MP: 10/20
  7065 | D:8      | Noticed a cyan ugly thing
  7135 | D:8      | Reached skill level 3 in Necromancy
  7231 | D:8      | Found a staircase to the Lair.
  7410 | D:8      | Reached skill level 4 in Necromancy
  7649 | D:8      | Reached skill level 5 in Necromancy
  8156 | D:5      | Killed Ornithology's ghost
  8454 | D:5      | Killed mkf's ghost
  8455 | D:5      | Reached skill level 6 in Necromancy
  8716 | D:8      | Reached skill level 7 in Necromancy
  9413 | D:9      | Noticed a two-headed ogre
  9434 | D:9      | Killed a two-headed ogre
  9435 | D:9      | Reached skill level 8 in Necromancy
  9435 | D:9      | Reached XP level 11. HP: 77/79 MP: 12/21
  9588 | D:9      | Found Ijyuc Kae's Antique Weapon Emporium.
  9723 | D:9      | Reached skill level 9 in Necromancy
  9735 | D:9      | Reached ** piety under Kikubaaqudgha
  9819 | D:9      | Found a flagged portal.
  9875 | Bailey   | Entered a bailey
 10151 | Bailey   | Identified the +9 falchion "Xevorr" {vamp, Int+4}
 10280 | Bailey   | Noticed an orc knight
 10299 | Bailey   | Killed an orc knight
 10300 | Bailey   | Reached skill level 10 in Necromancy
 10365 | Bailey   | Noticed an orc knight
 10375 | Bailey   | Killed an orc knight
 10784 | Bailey   | Found an iron altar of Okawaru.
 10991 | D:9      | Noticed a two-headed ogre
 11031 | D:9      | Killed a two-headed ogre
 11032 | D:9      | Reached skill level 11 in Necromancy
 11145 | D:10     | Entered Level 10 of the Dungeon
 11671 | D:10     | Reached skill level 12 in Necromancy
 11773 | D:10     | Noticed a two-headed ogre
 11803 | D:10     | Killed a two-headed ogre
 11804 | D:10     | Reached XP level 12. HP: 81/87 MP: 16/22
 11901 | D:10     | Reached *** piety under Kikubaaqudgha
 11901 | D:10     | Received a gift from Kikubaaqudgha
 11908 | D:10     | Learned a level 4 spell: Dispel Undead
 12175 | D:10     | Noticed Josephine
 12207 | D:10     | Killed from afar by Josephine

Illustrated notes

Levels and vault maps discovered:
D:1:      dpeg_arrival_rhombi, layout_rooms
D:2:      cheibrodos_helix_gallery, layout_basic, minmay_pentomino_v4
D:3:      layout_loops_cross, ebering_ecumenical_altar_abandoned,
          minmay_quantized
D:4:      layout_layer_cave, nicolae_zen_rock_garden, grunt_ministairs_7
D:5:      layout_layer_cave, minmay_temple_entry_glass,
          ebering_ghost_rock_garden, grunt_ministairs_7
D:6:      layout_loops_ring, mainiacjoe_overflow_alcove_2
D:7:      minmay_inner_zag, layout_loops_corners, ebering_ghost_disaster_area
D:8:      minmay_recursive_quarters, layout_basic, erik_lair_orcish_takeover,
          grunt_ministairs_12, lightli_orcish_oven
D:9:      layout_rooms, serial_shops, kennysheep_mini_moat, enter_bailey_5
D:10:     layout_layer_cave, uniq_josephine
Temple:   mainiacjoe_temple_circle_huts

Skill      XL: |  1  2  3  4  5  6  7  8  9 10 11 12 |
---------------+-------------------------------------+-----
Conjurations   | 4 5 6 |  6.0
Armour         | 1 2 5 6 |  6.6
Fighting       | 1 2 5 |  5.7
Fire Magic     | 1 2 3 5 6 |  6.0
Spellcasting   | 3 4 6 7 |  7.0
Shields        | 3 |  3.0
Necromancy     | 2 8 12 | 12.0
Long Blades    | 2 |  2.0
Dodging        | 2 3 |  3.0
Stealth        | |  2.4

Action                   |  1- 3 |  4- 6 |  7- 9 | 10-12 || total
-------------------------+-------+-------+-------+-------++-------
Melee: Dagger            |    46 |       |       |       ||    46
       Spear             |    16 |    80 |   195 |   191 ||   482
       Falchion          |       |       |       |    58 ||    58
Throw: Stone             |       |     1 |       |       ||     1
 Cast: Magic Dart        |    26 |     5 |    11 |    24 ||    66
       Searing Ray       |     1 |     7 |    25 |    54 ||    87
       Conjure Flame     |       |     5 |    31 |    56 ||    92
       Vampiric Draining |       |       |       |    35 ||    35
       Sublimation of Bl |       |       |       |     3 ||     3
       Dispel Undead     |       |       |       |     1 ||     1
 Abil: Dig               |       |     1 |       |     7 ||     8
Evoke: Wand              |       |       |       |     3 ||     3
  Use: Scroll            |       |     2 |       |     9 ||    11
       Potion            |       |       |       |     2 ||     2
 Stab: Sleeping          |     1 |     5 |     5 |       ||    11
       Distracted        |       |       |       |     1 ||     1
Armor: Robe              |    10 |    14 |    20 |    27 ||    71
       Steam dragon scal |       |       |       |    21 ||    21
Dodge: Dodged            |    16 |    37 |    64 |    86 ||   203
Block: Buckler           |       |       |    12 |    42 ||    54
